Thrashers vs Capitals

Created - October 10 2009 at 12:15

Simulating a Pre-Season

Goals
1 2 3 T
Thrashers 1 0 1 2
Capitals 0 1 0 1
Shots
1 2 3 T
Thrashers 10 9 11 30
Capitals 5 11 8 24

Period #1

1. Thrashers , Antoine Vermette 3 (Adrian Aucoin, Mike Ribeiro) at 16:50 (PP)

Penalties :
Mike Green (WSH) for Tripping (Minor) at 0:28, Adrian Aucoin (ATL) for Roughing (Minor) at 4:52, Jarret Stoll (ATL) for Delaying the game (Minor) at 7:46, Trent Hunter (WSH) for Holding (Minor) at 8:11, Mike Green (WSH) for Slashing (Minor) at 8:40, Mikko Koivu (ATL) for Hooking (Minor) at 8:40, Doug Murray (WSH) for Hooking (Minor) at 11:21, Shaone Morrisonn (WSH) for Slashing (Minor) at 15:49, Rene Bourque (WSH) for Hooking (Minor) at 15:54, Devin Setoguchi (ATL) for Tripping (Minor) at 17:56

Period #2

2. Capitals , Matt Cooke 3 (Rene Bourque, Radek Bonk) at 4:59

Penalties :
Shaone Morrisonn (WSH) for Hooking (Minor) at 1:40, Trent Hunter (WSH) for Hooking (Minor) at 5:45, Matt Cooke (WSH) for Slashing (Minor) at 9:49, Jarret Stoll (ATL) for Hooking (Minor) at 13:46

Period #3

3. Thrashers , Dave Bolland 1 (Devin Setoguchi, Adrian Aucoin) at 11:19

Penalties :
Shaone Morrisonn (WSH) for Interference (Minor) at 1:34, Brenden Morrow (ATL) for Roughing (Minor) at 4:42, Mike Green (WSH) for Interference (Minor) at 8:10, Mike Green (WSH) for Tripping (Minor) at 13:13, Dan Girardi (ATL) for Tripping (Minor) at 19:30

Goalie Stats

Roberto Luongo (ATL), 23 saves from 24 shots - (0.958), W, 4-2-0, 60:00 minutes
Marty Turco (WSH), 28 saves from 30 shots - (0.933), L, 5-1-0, 59:21 minutes

Players Stats

Thrashers
Player Name              G  A  P  +/- PIM S  H  SB FO    MP 
------------------------------------------------------------
Adrian Aucoin            0  2  2   0  2   3  0  1  0/0   21 
Antoine Vermette         1  0  1  -1  0   5  1  1  0/0   17 
Brenden Morrow           0  0  0   0  2   0  5  0  4/9   19 
Brian Rolston            0  0  0   1  0   0  0  1  0/0   13 
Colby Armstrong          0  0  0   0  0   0  0  0  0/0   5  
Dan Girardi              0  0  0   1  2   0  1  1  0/0   13 
Dany Heatley             0  0  0   0  0   5  0  0  8/12  20 
Dave Bolland             1  0  1   1  0   4  0  0  5/11  13 
Dennis Wideman           0  0  0   0  0   1  1  1  0/0   24 
Devin Setoguchi          0  1  1   1  2   0  0  0  1/1   12 
Filip Kuba               0  0  0   0  0   2  0  3  0/0   24 
James Wisniewski         0  0  0   0  0   0  2  2  0/0   15 
Jarret Stoll             0  0  0   0  4   0  2  0  4/6   5  
Joffrey Lupul            0  0  0   0  0   0  0  0  0/0   5  
Mike Ribeiro             0  1  1  -1  0   5  2  0  9/24  23 
Mikko Koivu              0  0  0   0  2   3  0  1  13/26 19 
Nik Antropov             0  0  0  -1  0   1  2  0  0/2   19 
Sergei Zubov             0  0  0  -1  0   1  0  0  0/0   22 
Capitals
Player Name              G  A  P  +/- PIM S  H  SB FO    MP 
------------------------------------------------------------
Alexander Ovechkin       0  0  0   0  0   3  1  0  8/20  20 
Alexander Semin          0  0  0  -1  0   0  0  0  1/1   22 
Alexei Kovalev           0  0  0   0  0   2  0  0  10/16 20 
Brooks Laich             0  0  0   0  0   2  0  0  0/1   10 
Dainius Zubrus           0  0  0   0  0   0  1  0  7/15  9  
Doug Murray              0  0  0   1  2   0  2  0  0/0   15 
Jeff Halpern             0  0  0  -1  0   2  0  2  7/15  14 
Kimmo Timonen            0  0  0   0  0   0  0  2  0/0   25 
Matt Cooke               1  0  1   1  2   1  1  0  0/1   10 
Mike Green               0  0  0   0  8   5  4  1  0/0   22 
Radek Bonk               0  1  1   1  0   1  0  0  6/14  10 
Rene Bourque             0  1  1   1  2   5  0  0  1/1   17 
Richard Zednik           0  0  0   0  0   1  0  0  0/0   8  
Ryane Clowe              0  0  0   0  0   0  2  0  7/7   8  
Shaone Morrisonn         0  0  0   1  6   1  1  0  0/0   10 
Steve Eminger            0  0  0  -1  0   0  1  1  0/0   22 
Trent Hunter             0  0  0  -1  4   0  3  0  0/0   13 
Willie Mitchell          0  0  0  -1  0   1  1  3  0/0   23 

3 Stars

1 - Roberto Luongo (ATL)
2 - Dave Bolland (ATL)
3 - Marty Turco (WSH)

Power Play

Thrashers - 1 on 11 Attempt(s) - 9.09%
Capitals - 0 on 6 Attempt(s) - 0.00%

Penalty Kill

Thrashers - 6 on 6 Attempt(s) - 100.00% - Score 0 goal in Penalty Kill
Capitals - 10 on 11 Attempt(s) - 90.91% - Score 0 goal in Penalty Kill

Game Notes

No Game Note

Play by Play

Period #1

0:01 of 1st period - Dainius Zubrus wins face-off versus Mikko Koivu in neutral zone.
0:28 of 1st period - Minor Penalty to Mike Green for Tripping.
0:29 of 1st period - Mike Ribeiro wins face-off versus Alexei Kovalev in Capitals zone.
0:48 of 1st period - Shot by Adrian Aucoin.
0:48 of 1st period - Stopped by Marty Turco without a rebound.
0:49 of 1st period - Alexander Ovechkin wins face-off versus Dany Heatley in Capitals zone.
0:49 of 1st period - Alexander Ovechkin is hit by Brenden Morrow.
1:34 of 1st period - Icing by Antoine Vermette.
1:35 of 1st period - Alexei Kovalev wins face-off versus Mike Ribeiro in Thrashers zone.
2:14 of 1st period - Shot by Mike Ribeiro.
2:14 of 1st period - Stopped by Marty Turco without a rebound.
2:15 of 1st period - Mikko Koivu wins face-off versus Brooks Laich in Capitals zone.
2:20 of 1st period - Shot by Dany Heatley.
2:20 of 1st period - Shot Misses the Net.
2:22 of 1st period - Shot by Dennis Wideman.
2:22 of 1st period - Stopped by Marty Turco without a rebound.
2:23 of 1st period - Mikko Koivu wins face-off versus Alexander Ovechkin in Capitals zone.
2:34 of 1st period - Shot by Mikko Koivu.
2:34 of 1st period - Shot Misses the Net.
2:40 of 1st period - Shot by Dave Bolland.
2:40 of 1st period - Shot Misses the Net.
4:46 of 1st period - Icing by Doug Murray.
4:47 of 1st period - Radek Bonk wins face-off versus Mike Ribeiro in Capitals zone.
4:47 of 1st period - Radek Bonk is hit by Nik Antropov.
4:52 of 1st period - Minor Penalty to Adrian Aucoin for Roughing.
4:53 of 1st period - Dainius Zubrus wins face-off versus Brenden Morrow in Thrashers zone.
5:05 of 1st period - Mike Green is hit by James Wisniewski and loses puck.
5:08 of 1st period - Shot by Alexander Ovechkin.
5:08 of 1st period - Stopped by Roberto Luongo without a rebound.
5:09 of 1st period - Alexander Ovechkin wins face-off versus Brenden Morrow in Thrashers zone.
5:27 of 1st period - Icing by Mike Green.
5:28 of 1st period - Brenden Morrow wins face-off versus Dainius Zubrus in Capitals zone.
6:44 of 1st period - Shot by Alexander Ovechkin.
6:44 of 1st period - Deflect By Alexei Kovalev.
6:44 of 1st period - Shot Misses the Net.
6:53 of 1st period - Icing by Dainius Zubrus.
6:54 of 1st period - Devin Setoguchi wins face-off versus Radek Bonk in Capitals zone.
7:05 of 1st period - Shot by Devin Setoguchi.
7:05 of 1st period - Shot Misses the Net.
7:46 of 1st period - Minor Penalty to Jarret Stoll for Delaying the game.
7:47 of 1st period - Dany Heatley wins face-off versus Jeff Halpern in Thrashers zone.
8:11 of 1st period - Minor Penalty to Trent Hunter for Holding.
8:12 of 1st period - Dany Heatley wins face-off versus Alexander Ovechkin in Capitals zone.
8:40 of 1st period - Minor Penalty to Mike Green for Slashing.
8:40 of 1st period - Minor Penalty to Mikko Koivu for Hooking.
8:41 of 1st period - Alexei Kovalev wins face-off versus Mike Ribeiro in Capitals zone.
9:41 of 1st period - Icing by Dany Heatley.
9:42 of 1st period - Dany Heatley wins face-off versus Alexander Ovechkin in Thrashers zone.
9:46 of 1st period - Icing by Dennis Wideman.
9:47 of 1st period - Dany Heatley wins face-off versus Alexander Ovechkin in Thrashers zone.
10:12 of 1st period - Shot by Alexander Ovechkin.
10:12 of 1st period - Shot Misses the Net.
10:25 of 1st period - Icing by Kimmo Timonen.
10:26 of 1st period - Brenden Morrow wins face-off versus Alexander Ovechkin in Capitals zone.
10:27 of 1st period - Shot by Mike Ribeiro.
10:27 of 1st period - Stopped by Marty Turco without a rebound.
10:28 of 1st period - Brenden Morrow wins face-off versus Alexander Ovechkin in Capitals zone.
10:50 of 1st period - Dan Girardi is hit by Doug Murray and loses puck.
11:12 of 1st period - Shot by Rene Bourque.
11:12 of 1st period - Deflect By Radek Bonk.
11:12 of 1st period - Shot Misses the Net.
11:21 of 1st period - Minor Penalty to Doug Murray for Hooking.
11:22 of 1st period - Mike Ribeiro wins face-off versus Alexander Ovechkin in Capitals zone.
11:51 of 1st period - Shot by Sergei Zubov.
11:51 of 1st period - Shot Misses the Net.
11:53 of 1st period - Shot by Adrian Aucoin.
11:53 of 1st period - Stopped by Marty Turco without a rebound.
11:54 of 1st period - Mikko Koivu wins face-off versus Alexander Ovechkin in Capitals zone.
12:12 of 1st period - Shot by Dany Heatley.
12:12 of 1st period - Stopped by Marty Turco without a rebound.
12:13 of 1st period - Alexei Kovalev wins face-off versus Mikko Koivu in Capitals zone.
12:31 of 1st period - Icing by Mikko Koivu.
12:32 of 1st period - Mikko Koivu wins face-off versus Alexei Kovalev in Thrashers zone.
13:55 of 1st period - Mike Green is hit by Dan Girardi and loses puck.
14:34 of 1st period - Shot by Jarret Stoll.
14:34 of 1st period - Shot Misses the Net.
14:47 of 1st period - Off-side.
14:48 of 1st period - Jeff Halpern wins face-off versus Mike Ribeiro in neutral zone.
15:48 of 1st period - Mike Ribeiro is hit by Shaone Morrisonn and loses puck.
15:49 of 1st period - Minor Penalty to Shaone Morrisonn for Slashing.
15:50 of 1st period - Rene Bourque wins face-off versus Mikko Koivu in Capitals zone.
15:54 of 1st period - Minor Penalty to Rene Bourque for Hooking.
15:55 of 1st period - Mikko Koivu wins face-off versus Alexander Ovechkin in Capitals zone.
16:48 of 1st period - Shot by Adrian Aucoin.
16:48 of 1st period - Shot Misses the Net.
16:50 of 1st period - Shot by Antoine Vermette.
16:50 of 1st period - Goal by Antoine Vermette - Thrashers : 1 - Capitals : 0.
16:51 of 1st period - Mikko Koivu wins face-off versus Alexei Kovalev in neutral zone.
17:11 of 1st period - Shot by Mikko Koivu.
17:11 of 1st period - Stopped by Marty Turco without a rebound.
17:12 of 1st period - Alexei Kovalev wins face-off versus Mike Ribeiro in Capitals zone.
17:29 of 1st period - Shot by Mike Ribeiro.
17:29 of 1st period - Shot Blocked by Jeff Halpern.
17:41 of 1st period - Shot by Mike Ribeiro.
17:41 of 1st period - Stopped by Marty Turco without a rebound.
17:42 of 1st period - Mikko Koivu wins face-off versus Alexei Kovalev in Capitals zone.
17:49 of 1st period - Shot by Brenden Morrow.
17:49 of 1st period - Shot Misses the Net.
17:51 of 1st period - Shot by Filip Kuba.
17:51 of 1st period - Stopped by Marty Turco with a rebound.
17:53 of 1st period - Shot by Dennis Wideman.
17:53 of 1st period - Shot Blocked by Jeff Halpern.
17:56 of 1st period - Minor Penalty to Devin Setoguchi for Tripping.
17:57 of 1st period - Dany Heatley wins face-off versus Dainius Zubrus in Thrashers zone.
17:57 of 1st period - Dennis Wideman is hit by Dainius Zubrus and loses puck.
18:02 of 1st period - Shot by Mike Green.
18:02 of 1st period - Shot Blocked by Mikko Koivu.
18:06 of 1st period - Shot by Alexander Ovechkin.
18:06 of 1st period - Stopped by Roberto Luongo without a rebound.
18:07 of 1st period - Dany Heatley wins face-off versus Jeff Halpern in Thrashers zone.
18:31 of 1st period - Shot by Willie Mitchell.
18:31 of 1st period - Stopped by Roberto Luongo without a rebound.
18:32 of 1st period - Dainius Zubrus wins face-off versus Brenden Morrow in Thrashers zone.
18:57 of 1st period - Shot by Mike Green.
18:57 of 1st period - Stopped by Roberto Luongo without a rebound.
18:58 of 1st period - Jeff Halpern wins face-off versus Dany Heatley in Thrashers zone.
19:52 of 1st period - Shot by Kimmo Timonen.
19:52 of 1st period - Shot Blocked by Filip Kuba.
19:54 of 1st period - Shot by Kimmo Timonen.
19:54 of 1st period - Deflect By Alexander Ovechkin.
19:54 of 1st period - Stopped by Roberto Luongo without a rebound.
19:55 of 1st period - Alexander Ovechkin wins face-off versus Brenden Morrow in Thrashers zone.

Period #2

0:01 of 2nd period - Mikko Koivu wins face-off versus Dainius Zubrus in neutral zone.
0:06 of 2nd period - Shot by Dany Heatley.
0:06 of 2nd period - Shot Blocked by Mike Green.
0:08 of 2nd period - Shot by Filip Kuba.
0:08 of 2nd period - Shot Blocked by Kimmo Timonen.
0:18 of 2nd period - Shot by Alexander Ovechkin.
0:18 of 2nd period - Shot Blocked by Filip Kuba.
1:21 of 2nd period - Icing by Adrian Aucoin.
1:22 of 2nd period - Mike Ribeiro wins face-off versus Radek Bonk in Thrashers zone.
1:33 of 2nd period - Icing by Doug Murray.
1:34 of 2nd period - Dave Bolland wins face-off versus Radek Bonk in Capitals zone.
1:40 of 2nd period - Minor Penalty to Shaone Morrisonn for Hooking.
1:41 of 2nd period - Alexander Ovechkin wins face-off versus Mike Ribeiro in Capitals zone.
2:37 of 2nd period - Shot by Mike Green.
2:37 of 2nd period - Stopped by Roberto Luongo without a rebound.
2:38 of 2nd period - Mikko Koivu wins face-off versus Alexander Ovechkin in Thrashers zone.
2:56 of 2nd period - Shot by Mikko Koivu.
2:56 of 2nd period - Shot Blocked by Kimmo Timonen.
3:12 of 2nd period - Shot by Alexei Kovalev.
3:12 of 2nd period - Stopped by Roberto Luongo without a rebound.
3:13 of 2nd period - Mike Ribeiro wins face-off versus Alexei Kovalev in Thrashers zone.
4:01 of 2nd period - Shot by Radek Bonk.
4:01 of 2nd period - Shot Misses the Net.
4:03 of 2nd period - Shot by Shaone Morrisonn.
4:03 of 2nd period - Stopped by Roberto Luongo without a rebound.
4:04 of 2nd period - Ryane Clowe wins face-off versus Jarret Stoll in Thrashers zone.
4:15 of 2nd period - Shot by Brooks Laich.
4:15 of 2nd period - Deflect By Richard Zednik.
4:15 of 2nd period - Stopped by Roberto Luongo without a rebound.
4:16 of 2nd period - Jeff Halpern wins face-off versus Dave Bolland in Thrashers zone.
4:48 of 2nd period - Off-side.
4:49 of 2nd period - Mike Ribeiro wins face-off versus Dainius Zubrus in neutral zone.
4:55 of 2nd period - Icing by Antoine Vermette.
4:56 of 2nd period - Radek Bonk wins face-off versus Mike Ribeiro in Thrashers zone.
4:59 of 2nd period - Shot by Matt Cooke.
4:59 of 2nd period - Goal by Matt Cooke - Thrashers : 1 - Capitals : 1.
5:00 of 2nd period - Mikko Koivu wins face-off versus Dainius Zubrus in neutral zone.
5:25 of 2nd period - Shot by Dany Heatley.
5:25 of 2nd period - Deflect By Mikko Koivu.
5:25 of 2nd period - Stopped by Marty Turco without a rebound.
5:26 of 2nd period - Mike Ribeiro wins face-off versus Radek Bonk in Capitals zone.
5:41 of 2nd period - Shot by Rene Bourque.
5:41 of 2nd period - Stopped by Roberto Luongo without a rebound.
5:42 of 2nd period - Dave Bolland wins face-off versus Jeff Halpern in Thrashers zone.
5:42 of 2nd period - Dave Bolland is hit by Trent Hunter.
5:45 of 2nd period - Minor Penalty to Trent Hunter for Hooking.
5:46 of 2nd period - Alexei Kovalev wins face-off versus Mikko Koivu in Capitals zone.
5:46 of 2nd period - Alexei Kovalev is hit by Brenden Morrow.
6:02 of 2nd period - Icing by Dennis Wideman.
6:03 of 2nd period - Alexei Kovalev wins face-off versus Mikko Koivu in Thrashers zone.
7:01 of 2nd period - Shot by Nik Antropov.
7:01 of 2nd period - Stopped by Marty Turco without a rebound.
7:02 of 2nd period - Alexander Ovechkin wins face-off versus Mike Ribeiro in Capitals zone.
7:02 of 2nd period - Alexander Ovechkin is hit by Mike Ribeiro.
7:12 of 2nd period - Shot by Sergei Zubov.
7:12 of 2nd period - Stopped by Marty Turco without a rebound.
7:13 of 2nd period - Alexander Semin wins face-off versus Mikko Koivu in Capitals zone.
7:36 of 2nd period - Shot by Dany Heatley.
7:36 of 2nd period - Stopped by Marty Turco with a rebound.
7:38 of 2nd period - Shot by Dennis Wideman.
7:38 of 2nd period - Shot Misses the Net.
7:40 of 2nd period - Shot by Mikko Koivu.
7:40 of 2nd period - Stopped by Marty Turco without a rebound.
7:41 of 2nd period - Alexander Ovechkin wins face-off versus Nik Antropov in Capitals zone.
7:56 of 2nd period - Shot by Rene Bourque.
7:56 of 2nd period - Stopped by Roberto Luongo without a rebound.
7:57 of 2nd period - Ryane Clowe wins face-off versus Mike Ribeiro in Thrashers zone.
8:03 of 2nd period - Mike Ribeiro is hit by Ryane Clowe and loses puck.
8:14 of 2nd period - Shot by Mike Ribeiro.
8:14 of 2nd period - Shot Misses the Net.
8:25 of 2nd period - Icing by Kimmo Timonen.
8:26 of 2nd period - Ryane Clowe wins face-off versus Dave Bolland in Capitals zone.
8:28 of 2nd period - Icing by Mike Green.
8:29 of 2nd period - Ryane Clowe wins face-off versus Dave Bolland in Capitals zone.
8:54 of 2nd period - Shot by Trent Hunter.
8:54 of 2nd period - Shot Blocked by Dan Girardi.
8:58 of 2nd period - Shot by Steve Eminger.
8:58 of 2nd period - Shot Blocked by James Wisniewski.
9:00 of 2nd period - Shot by Jeff Halpern.
9:00 of 2nd period - Shot Misses the Net.
9:02 of 2nd period - Shot by Jeff Halpern.
9:02 of 2nd period - Stopped by Roberto Luongo with a rebound.
9:04 of 2nd period - Shot by Jeff Halpern.
9:04 of 2nd period - Shot Misses the Net.
9:06 of 2nd period - Shot by Willie Mitchell.
9:06 of 2nd period - Shot Misses the Net.
9:08 of 2nd period - Shot by Jeff Halpern.
9:08 of 2nd period - Stopped by Roberto Luongo with a rebound.
9:35 of 2nd period - Off-side.
9:36 of 2nd period - Radek Bonk wins face-off versus Mikko Koivu in neutral zone.
9:49 of 2nd period - Minor Penalty to Matt Cooke for Slashing.
9:50 of 2nd period - Alexei Kovalev wins face-off versus Mike Ribeiro in Capitals zone.
10:14 of 2nd period - Shot by Mike Ribeiro.
10:14 of 2nd period - Shot Misses the Net.
10:55 of 2nd period - Icing by Mikko Koivu.
10:56 of 2nd period - Alexei Kovalev wins face-off versus Mikko Koivu in Thrashers zone.
11:53 of 2nd period - Brian Rolston is hit by Mike Green and loses puck.
12:13 of 2nd period - Shot by Dave Bolland.
12:13 of 2nd period - Stopped by Marty Turco without a rebound.
12:14 of 2nd period - Radek Bonk wins face-off versus Mike Ribeiro in Capitals zone.
12:14 of 2nd period - Rene Bourque is hit by Nik Antropov and loses puck.
12:35 of 2nd period - Shot by Rene Bourque.
12:35 of 2nd period - Stopped by Roberto Luongo without a rebound.
12:36 of 2nd period - Jeff Halpern wins face-off versus Dave Bolland in Thrashers zone.
12:40 of 2nd period - Icing by Dan Girardi.
12:41 of 2nd period - Dave Bolland wins face-off versus Jeff Halpern in Thrashers zone.
12:41 of 2nd period - Devin Setoguchi is hit by Trent Hunter and loses puck.
13:27 of 2nd period - Shot by Antoine Vermette.
13:27 of 2nd period - Stopped by Marty Turco without a rebound.
13:28 of 2nd period - Dainius Zubrus wins face-off versus Jarret Stoll in Capitals zone.
13:28 of 2nd period - Dainius Zubrus is hit by Jarret Stoll.
13:46 of 2nd period - Minor Penalty to Jarret Stoll for Hooking.
13:47 of 2nd period - Brenden Morrow wins face-off versus Dainius Zubrus in Thrashers zone.
14:47 of 2nd period - Icing by Jeff Halpern.
14:48 of 2nd period - Jeff Halpern wins face-off versus Brenden Morrow in Capitals zone.
14:48 of 2nd period - Jeff Halpern is hit by Brenden Morrow.
16:24 of 2nd period - Shot by Dave Bolland.
16:24 of 2nd period - Stopped by Marty Turco without a rebound.
16:25 of 2nd period - Ryane Clowe wins face-off versus Mike Ribeiro in Capitals zone.
16:25 of 2nd period - Ryane Clowe is hit by Mike Ribeiro.
16:46 of 2nd period - Brooks Laich is hit by Antoine Vermette and loses puck.
16:57 of 2nd period - Shot by Mike Ribeiro.
16:57 of 2nd period - Stopped by Marty Turco without a rebound.
16:58 of 2nd period - Jarret Stoll wins face-off versus Radek Bonk in Capitals zone.
17:33 of 2nd period - Icing by Rene Bourque.
17:34 of 2nd period - Radek Bonk wins face-off versus Dave Bolland in Capitals zone.
19:49 of 2nd period - Shot by Brooks Laich.
19:49 of 2nd period - Stopped by Roberto Luongo without a rebound.
19:50 of 2nd period - Mikko Koivu wins face-off versus Radek Bonk in Thrashers zone.
19:50 of 2nd period - Mikko Koivu is hit by Matt Cooke.

Period #3

0:01 of 3rd period - Dainius Zubrus wins face-off versus Mikko Koivu in neutral zone.
0:07 of 3rd period - Alexander Ovechkin is hit by Dennis Wideman and loses puck.
0:23 of 3rd period - Dany Heatley is hit by Mike Green and loses puck.
0:32 of 3rd period - Shot by Dany Heatley.
0:32 of 3rd period - Stopped by Marty Turco with a rebound.
0:35 of 3rd period - Mikko Koivu is hit by Mike Green and loses puck.
0:42 of 3rd period - Shot by Dany Heatley.
0:42 of 3rd period - Stopped by Marty Turco without a rebound.
0:43 of 3rd period - Mike Ribeiro wins face-off versus Jeff Halpern in Capitals zone.
0:43 of 3rd period - Nik Antropov is hit by Steve Eminger.
0:45 of 3rd period - Shot by Mike Ribeiro.
0:45 of 3rd period - Shot Blocked by Willie Mitchell.
0:49 of 3rd period - Shot by Antoine Vermette.
0:49 of 3rd period - Stopped by Marty Turco with a rebound.
0:51 of 3rd period - Shot by Mike Ribeiro.
0:51 of 3rd period - Shot Misses the Net.
1:06 of 3rd period - Mike Ribeiro is hit by Willie Mitchell and loses puck.
1:17 of 3rd period - Shot by Mike Ribeiro.
1:17 of 3rd period - Stopped by Marty Turco without a rebound.
1:18 of 3rd period - Dave Bolland wins face-off versus Radek Bonk in Capitals zone.
1:24 of 3rd period - Matt Cooke is hit by James Wisniewski and loses puck.
1:34 of 3rd period - Minor Penalty to Shaone Morrisonn for Interference.
1:35 of 3rd period - Mikko Koivu wins face-off versus Alexander Ovechkin in Capitals zone.
2:37 of 3rd period - Shot by Adrian Aucoin.
2:37 of 3rd period - Deflect By Mike Ribeiro.
2:37 of 3rd period - Shot Hit the Post.
2:41 of 3rd period - Shot by Antoine Vermette.
2:41 of 3rd period - Shot Misses the Net.
2:43 of 3rd period - Shot by Adrian Aucoin.
2:43 of 3rd period - Shot Misses the Net.
2:45 of 3rd period - Shot by Antoine Vermette.
2:45 of 3rd period - Stopped by Marty Turco without a rebound.
2:46 of 3rd period - Mike Ribeiro wins face-off versus Alexei Kovalev in Capitals zone.
3:09 of 3rd period - Shot by Nik Antropov.
3:09 of 3rd period - Shot Misses the Net.
4:02 of 3rd period - Icing by Shaone Morrisonn.
4:03 of 3rd period - Jarret Stoll wins face-off versus Matt Cooke in Capitals zone.
4:17 of 3rd period - Icing by Brooks Laich.
4:18 of 3rd period - Radek Bonk wins face-off versus Mikko Koivu in Capitals zone.
4:18 of 3rd period - Brooks Laich is hit by Brenden Morrow and loses puck.
4:42 of 3rd period - Minor Penalty to Brenden Morrow for Roughing.
4:43 of 3rd period - Jeff Halpern wins face-off versus Dany Heatley in Thrashers zone.
4:57 of 3rd period - Icing by Willie Mitchell.
4:58 of 3rd period - Jeff Halpern wins face-off versus Mikko Koivu in Capitals zone.
5:41 of 3rd period - Shot by Kimmo Timonen.
5:41 of 3rd period - Shot Blocked by Dennis Wideman.
5:48 of 3rd period - Icing by Alexei Kovalev.
5:49 of 3rd period - Dany Heatley wins face-off versus Dainius Zubrus in Capitals zone.
6:02 of 3rd period - Shot by Mike Green.
6:02 of 3rd period - Stopped by Roberto Luongo without a rebound.
6:03 of 3rd period - Dainius Zubrus wins face-off versus Nik Antropov in Thrashers zone.
7:04 of 3rd period - Shot by Radek Bonk.
7:04 of 3rd period - Shot Blocked by James Wisniewski.
7:08 of 3rd period - Shot by Rene Bourque.
7:08 of 3rd period - Stopped by Roberto Luongo with a rebound.
7:12 of 3rd period - Shot by Rene Bourque.
7:12 of 3rd period - Stopped by Roberto Luongo with a rebound.
7:14 of 3rd period - Shot by Rene Bourque.
7:14 of 3rd period - Shot Blocked by Brian Rolston.
7:16 of 3rd period - Shot by Radek Bonk.
7:16 of 3rd period - Stopped by Roberto Luongo without a rebound.
7:17 of 3rd period - Mike Ribeiro wins face-off versus Jeff Halpern in Thrashers zone.
7:44 of 3rd period - Shot by Trent Hunter.
7:44 of 3rd period - Shot Blocked by Antoine Vermette.
7:46 of 3rd period - Shot by Willie Mitchell.
7:46 of 3rd period - Shot Blocked by Adrian Aucoin.
8:09 of 3rd period - Sergei Zubov is hit by Ryane Clowe.
8:10 of 3rd period - Minor Penalty to Mike Green for Interference.
8:11 of 3rd period - Alexander Ovechkin wins face-off versus Mikko Koivu in Capitals zone.
8:40 of 3rd period - Shot by Filip Kuba.
8:40 of 3rd period - Stopped by Marty Turco without a rebound.
8:41 of 3rd period - Mikko Koivu wins face-off versus Alexander Ovechkin in Capitals zone.
8:43 of 3rd period - Dany Heatley is hit by Doug Murray and loses puck.
8:58 of 3rd period - Shot by Filip Kuba.
8:58 of 3rd period - Shot Misses the Net.
9:09 of 3rd period - Off-side.
9:10 of 3rd period - Alexei Kovalev wins face-off versus Mike Ribeiro in neutral zone.
9:21 of 3rd period - Antoine Vermette is hit by Alexander Ovechkin and loses puck.
10:26 of 3rd period - Shot by Dave Bolland.
10:26 of 3rd period - Stopped by Marty Turco with a rebound.
10:31 of 3rd period - Icing by Doug Murray.
10:32 of 3rd period - Jarret Stoll wins face-off versus Radek Bonk in Capitals zone.
10:59 of 3rd period - Shot by Mike Green.
10:59 of 3rd period - Stopped by Roberto Luongo with a rebound.
11:01 of 3rd period - Shot by Brooks Laich.
11:01 of 3rd period - Stopped by Roberto Luongo without a rebound.
11:02 of 3rd period - Dave Bolland wins face-off versus Jeff Halpern in Thrashers zone.
11:15 of 3rd period - Shot by Devin Setoguchi.
11:15 of 3rd period - Shot Blocked by Willie Mitchell.
11:17 of 3rd period - Shot by Dave Bolland.
11:17 of 3rd period - Shot Misses the Net.
11:19 of 3rd period - Shot by Devin Setoguchi.
11:19 of 3rd period - Deflect By Dave Bolland.
11:19 of 3rd period - Goal by Dave Bolland - Thrashers : 2 - Capitals : 1.
11:20 of 3rd period - Ryane Clowe wins face-off versus Mike Ribeiro in neutral zone.
11:40 of 3rd period - Shot by Brooks Laich.
11:40 of 3rd period - Shot Misses the Net.
11:42 of 3rd period - Shot by Mike Green.
11:42 of 3rd period - Shot Misses the Net.
12:18 of 3rd period - Shot by Devin Setoguchi.
12:18 of 3rd period - Shot Misses the Net.
12:20 of 3rd period - Shot by Dave Bolland.
12:20 of 3rd period - Shot Misses the Net.
12:24 of 3rd period - Shot by Devin Setoguchi.
12:24 of 3rd period - Shot Misses the Net.
12:38 of 3rd period - Shot by Dave Bolland.
12:38 of 3rd period - Shot Misses the Net.
13:03 of 3rd period - Dany Heatley is hit by Mike Green and loses puck.
13:08 of 3rd period - Shot by Mikko Koivu.
13:08 of 3rd period - Shot Misses the Net.
13:12 of 3rd period - Shot by Dany Heatley.
13:12 of 3rd period - Shot Misses the Net.
13:13 of 3rd period - Minor Penalty to Mike Green for Tripping.
13:14 of 3rd period - Alexei Kovalev wins face-off versus Mikko Koivu in Capitals zone.
14:11 of 3rd period - Shot by Antoine Vermette.
14:11 of 3rd period - Shot Blocked by Willie Mitchell.
14:15 of 3rd period - Shot by Adrian Aucoin.
14:15 of 3rd period - Stopped by Marty Turco with a rebound.
14:17 of 3rd period - Shot by Sergei Zubov.
14:17 of 3rd period - Shot Blocked by Steve Eminger.
14:21 of 3rd period - Shot by Antoine Vermette.
14:21 of 3rd period - Stopped by Marty Turco without a rebound.
14:22 of 3rd period - Alexander Ovechkin wins face-off versus Dany Heatley in Capitals zone.
14:59 of 3rd period - Alexander Semin is hit by Brenden Morrow and loses puck.
15:36 of 3rd period - Shot by Alexei Kovalev.
15:36 of 3rd period - Shot Misses the Net.
15:44 of 3rd period - Shot by Alexei Kovalev.
15:44 of 3rd period - Stopped by Roberto Luongo without a rebound.
15:45 of 3rd period - Jarret Stoll wins face-off versus Jeff Halpern in Thrashers zone.
15:52 of 3rd period - Jeff Halpern is hit by Jarret Stoll and loses puck.
16:19 of 3rd period - Jarret Stoll is hit by Trent Hunter and loses puck.
17:51 of 3rd period - Icing by Adrian Aucoin.
17:52 of 3rd period - Dainius Zubrus wins face-off versus Mike Ribeiro in Thrashers zone.
19:15 of 3rd period - Shot by Dany Heatley.
19:15 of 3rd period - Stopped by Marty Turco without a rebound.
19:16 of 3rd period - Ryane Clowe wins face-off versus Dave Bolland in Capitals zone.
19:21 of 3rd period - Capitals, Marty Turco is pulled from the net.
19:30 of 3rd period - Minor Penalty to Dan Girardi for Tripping.
19:31 of 3rd period - Dany Heatley wins face-off versus Dainius Zubrus in Thrashers zone.
19:44 of 3rd period - Shot by Alexei Kovalev.
19:44 of 3rd period - Shot Blocked by Filip Kuba.
19:48 of 3rd period - Shot by Alexander Ovechkin.
19:48 of 3rd period - Shot Misses the Net.
19:52 of 3rd period - Shot by Mike Green.
19:52 of 3rd period - Stopped by Roberto Luongo with a rebound.
19:54 of 3rd period - Shot by Kimmo Timonen.
19:54 of 3rd period - Shot Misses the Net.


Output by the SimonT Hockey Simulator (STHS) for Stephane Roy -- Original Page W3C XHTML 1.0 Valid